 Dungeon Crawl Stone Soup version 0.21-a0-163-g3aa3f5d (webtiles) character file.

276959 Moloch the Phalangite (level 20, -16/171 HPs)
             Began as a Merfolk Fighter on Aug 4, 2017.
             Was the Champion of Okawaru.
             Blown up by an orb spider (42 damage)
             ... with an orb of destruction
             ... on level 4 of the Spider Nest on Aug 5, 2017.
             The game lasted 02:04:43 (45381 turns).

Moloch the Phalangite (Merfolk Fighter)            Turns: 45381, Time: 02:04:44

Health: -16/171    AC: 32    Str: 18    XL:     20   Next: 79%
Magic:  24/24      EV: 17    Int:  9    God:    Okawaru [******]
Gold:   3796       SH:  0    Dex: 23    Spells: 0/25 levels left

rFire    . . .     SeeInvis +   P - +8 bardiche
rCold    + . .     Gourm    .   (shield currently unavailable)
rNeg     + . .     Faith    +   y - +4 plate armour "Hokeu" {Regen+ SInv}
rPois    +         Spirit   .   (helmet restricted)
rElec    +         Reflect  .   c - scarf {rC+ rF+}
rCorr    .         Harm     .   Q - +0 pair of gloves "Vyjiott" {+Fly rElec rF- Stlth+}
MR       ++...     Rnd*Rage +   x - +2 pair of boots
Stlth    ..........             b - amulet of faith
HPRegen  0.00/turn              A - +4 ring of protection
MPRegen  0.19/turn              W - ring "Fedoc" {rPois rN+ Str+4 Stlth+}

@: no status effects
A: change form in water, swift swim, stealthy swim, horns 1, thin metallic
scales 1, agile 1, berserk 1, blurry vision 1, magic resistance 1, inhibited
regeneration, weak 1
}: 1/15 runes: decaying
a: Heroism, Finesse, Renounce Religion, Evoke Flight


You were on level 4 of the Spider Nest.
You worshipped Okawaru.
Okawaru was exalted by your worship.
You were not hungry.

You visited 7 branches of the dungeon, and saw 35 of its levels.
You visited the Abyss 2 times.
You also visited: Labyrinth and Bailey.

You collected 4326 gold pieces.
You spent 530 gold pieces at shops.

Inventory:

Hand Weapons
 P - a +8 bardiche (weapon)
 V - a +4 broad axe of flaming
Missiles
 a - a throwing net (quivered)
Armour
 c - a scarf of resistance (worn)
 x - a +2 pair of boots (worn)
 y - the +4 plate armour "Hokeu" (worn) {Regen+ SInv}
   (You took it off a deep elf high priest on level 3 of the Elven Halls)

   It lets you see invisible.
   It increases your rate of regeneration.
 O - a +2 pair of gloves
 Q - the +0 pair of gloves "Vyjiott" (worn) {+Fly rElec rF- Stlth+}
   (Okawaru gifted it to you on level 15 of the Dungeon)

   It makes you vulnerable to fire.
   It insulates you from electricity.
   It lets you fly.
   It makes you more stealthy.
 U - +2 pearl dragon scales
 X - a +2 helmet
Jewellery
 b - an amulet of faith (around neck)
 m - an uncursed ring of fire
 n - an uncursed ring of ice
 A - a +4 ring of protection (left hand)
 F - an uncursed ring of see invisible
 L - an uncursed amulet of regeneration
 M - an uncursed ring of flight
 W - the ring "Fedoc" (right hand) {rPois rN+ Str+4 Stlth+}
   (You found it in a labyrinth)

   [ring of positive energy]

   It affects your strength (+4).
   It protects you from poison.
   It protects you from negative energy.
   It makes you more stealthy.
Wands
 I - a wand of disintegration (17/24)
Scrolls
 e - 4 scrolls of recharging
 g - 5 scrolls of fear
 j - a scroll of magic mapping
 l - 3 scrolls of identify
 s - 15 scrolls of remove curse
 t - 2 scrolls of torment
 v - 3 scrolls of blinking
 B - 3 scrolls of enchant armour
 D - 5 scrolls of teleportation
 E - 2 scrolls of fog
 N - 3 scrolls of immolation
 Z - 7 scrolls of amnesia
Potions
 d - 4 potions of cancellation
 h - 3 potions of magic
 k - 5 potions of agility
 o - a potion of might
 p - 4 potions of resistance
 q - 2 potions of mutation
 u - 3 potions of haste
 w - 5 potions of lignification
 z - 4 potions of heal wounds
 C - 7 potions of flight
 G - 3 potions of curing
 K - 7 potions of brilliance
 T - a potion of invisibility
Books
 J - a book of Enchantments

   Spells                             Type                      Level
   a - Cause Fear                     Hexes                        4
   b - Yara's Violent Unravelling     Hexes/Transmutation          5
   c - Silence                        Hexes/Air                    5
   d - Deflect Missiles               Charms/Air                   6
   e - Discord                        Hexes                        8
Miscellaneous
 R - a phantom mirror
Comestibles
 f - 22 bread rations
 i - 6 royal jellies
 r - 23 meat rations


   Skills:
 + Level 18.2 Fighting
 - Level 26.4 Polearms
 + Level 15.4 Armour
 * Level 17.4 Dodging
   Level 3.0 Shields
 - Level 3.1 Spellcasting
 - Level 4.8 Invocations


You couldn't memorise any spells.
You knew the following spells:

 Your Spells              Type           Power        Failure   Level  Hunger
a - Darkness              Hex            #.........   100%        6    #######
b - Tornado               Air            #.........   100%        9    #######
c - Apportation           Tloc           #.....       99%         1    ##.....
d - Dragon's Call         Summ           #.........   100%        9    #######


Dungeon Overview and Level Annotations

Branches:
Dungeon (15/15)            Temple (1/1) D:7            Lair (6/6) D:8
  Swamp (4/4) Lair:2       Spider (4/4) Lair:4        Slime (0/5) Lair:6
    Orc (2/2) D:12            Elf (3/3) Orc:2        Vaults (0/5) D:13
 Depths (0/5) D:15

Altars:
Ashenzari
Cheibriados
Dithmenos
Elyvilon
Fedhas
Gozag
Hepliaklqana
Kikubaaqudgha
Makhleb
Nemelex Xobeh
Okawaru
Qazlal
Ru
Sif Muna
Trog
Uskayaw
Vehumet
Wu Jian
Yredelemnul
Zin
The Shining One
Beogh

Shops:
D:6 %%   D:8 }   D:12 %   Orc:2 !(([   Elf:2 (   Elf:3 }=}


Innate Abilities, Weirdness & Mutations

You revert to your normal form in water.
You are very nimble and swift while swimming.
You are very stealthy in the water. (Stealth+)
You have a pair of small horns on your head.
You are partially covered in thin metallic scales. (AC +2)
You are agile. (Dex +2)
You tend to lose your temper in combat.
Scrolls take you a little longer to read.
You are resistant to hostile enchantments. (MR+)
You do not regenerate when monsters are visible.
You are weak. (Str -2)


Message History

The orb spider pulsates with a strange energy.
An orb of destruction comes into view.
The orb spider begins to weave its threads into a brightly glowing ball.
The orb spider weaves a glowing orb of energy.
An orb of destruction comes into view.
The orb of destruction hits you!
The orb spider weaves a glowing orb of energy.
An orb of destruction comes into view.
The orb spider pulsates with a strange energy.
The orb spider weaves a glowing orb of energy.
The orb of destruction hits you!
An orb of destruction comes into view.
The orb spider spins a strand of pure energy.
The orb of destruction hits you!
* * * LOW HITPOINT WARNING * * *
Things that are here:
a leather armour; a war axe; a meliai corpse You recover from your berserk rage.
The orb of destruction hits you!
You die...

#....^§...††........
##...§.s..)...^.....
##..§......^.......
#^§...............
#§§...............
###.§...............
#^.§^...............
#..§†...............
#^.@†^...........^..
##################..
##


You could see an orb spider.

Vanquished Creatures
  the Lernaean hydra (Swamp:4)
  Nikola (Spider:1)
  2 deep elf master archers (Elf:3)
  A deep elf blademaster (Elf:3)
  Frances (D:14)
  A thorn hunter (Swamp:3)
  Agnes (D:14)
  A storm dragon (D:11)
  Roxanne (D:15)
  3 ghost moths
  Louise (Elf:2)
  8 deep elf sorcerers
  An orc warlord (Orc:2)
  2 emperor scorpions (Spider:2)
  4 deep elf elementalists (Elf:3)
  A very ugly thing (Swamp:2)
  An entropy weaver (Spider:1)
  A vampire knight (D:11)
  2 stone giants
  6 deep elf annihilators
  6 deep elf demonologists
  A spark wasp (Spider:3)
  3 deep elf death magi
  Snorg (Lair:5)
  Josephine (D:10)
  A minotaur (Lab)
  A rakshasa (D:15)
  Fannar (D:11)
  A vault guard (D:13)
  2 yaktaur captains (D:11)
  A deep elf high priest (Elf:3)
  19 hydras
  An ogre mage (D:15)
  2 catoblepae
  A death knight (D:12)
  A centaur warrior (D:14)
  A ghost crab (Swamp:4)
  13 two-headed ogres
  2 tengu warriors
  10 alligators
  2 deep troll earth magi (D:11)
  A deep troll shaman (Lair:6)
  35 dancing weapons
  6 death yaks (Lair:6)
  Urug (Lair:2)
  The ghost of TabOTab the Carver, a novice DsGl of Okawaru (D:10)
  21 deep elf knights
  Nergalle (D:10)
  Sonja (D:13)
  3 skeletal warriors (D:15)
  The ghost of TabOTab the Carver, a novice DsFi of Cheibriados (D:8)
  A glowing orange brain (Abyss:3)
  2 unseen horrors
  A swamp dragon (shapeshifter) (Elf:3)
  3 wizards
  2 starcursed masses (Abyss:3)
  10 swamp dragons
  15 deep elf archers
  3 shambling mangroves
  76 deep elf magi
  4 necromancers
  5 lindwurms (Lair:6)
  2 orc knights
  18 orb spiders
  23 wolf spiders
  14 orc sorcerers
  4 cyclopes
  A manticore (D:15)
  11 ugly things
  17 elephants
  A moth of wrath (Spider:3)
  2 naga magi (D:15)
  7 black mambas
  Maurice (D:13)
  2 torpor snails
  4 centaur skeletons
  2 gargoyles
  A smoke demon (Abyss:3)
  22 spiny frogs
  2 efreet (D:15)
  5 yaktaurs (D:15)
  17 demonic crawlers
  3 kobold demonologists
  A redback zombie (D:15)
  4 komodo dragons
  2 rime drakes
  A tengu conjurer (D:15)
  3 trolls
  5 tyrant leeches
  A queen bee (Spider:4)
  34 jumping spiders
  2 meliai (Spider:4)
  15 hornets
  9 blink frogs
  13 hippogriffs
  3 small abominations (Abyss:3)
  6 bog bodies
  4 large abominations
  17 slime creatures
  A blink frog (shapeshifter) (Elf:3)
  Sigmund (D:2)
  5 dream sheep (Lair:1)
  5 shadows
  A redback (shapeshifter) (D:15)
  4 spriggans
  73 redbacks
  4 air elementals
  28 tarantellas
  6 wraiths
  4 wyverns
  3 fire elementals
  41 yaks
  3 hungry ghosts
  Eustachio (D:3)
  4 basilisks
  4 water elementals
  20 humans (D:13)
  2 chaos spawn (Abyss:3)
  27 vampire mosquitoes
  10 wargs
  15 swamp worms
  3 insubstantial wisps (Swamp:1)
  An acid dragon (D:14)
  16 water moccasins
  10 porcupines
  14 swamp drakes
  26 orc warriors
  5 ice beasts
  2 phantoms
  4 black bears
  2 sky beasts
  A black bear (shapeshifter) (D:15)
  11 ogres
  12 wolves
  10 centaurs
  21 crocodiles
  7 big kobolds
  3 elf zombies (Elf:1)
  18 bullfrogs
  2 earth elementals
  A wyvern zombie (D:10)
  9 scorpions
  25 killer bees
  11 wights
  7 howler monkeys
  A bullfrog zombie (D:3)
  4 crimson imps
  5 centaur zombies
  5 hounds
  3 quasits
  15 orc priests
  7 jellies
  2 bullfrog skeletons
  A gnoll shaman (Elf:1)
  5 iguanas
  Terence (D:3)
  50 orc wizards
  6 worker ants
  A hound skeleton (D:7)
  A howler monkey zombie (D:6)
  2 worker ant zombies
  Robin (D:4)
  14 gnolls
  8 adders
  An adder skeleton (D:6)
  2 adder zombies (D:2)
  5 worms
  2 dart slugs
  7 leopard geckos
  98 orcs
  2 bat zombies (D:2)
  18 giant cockroaches
  17 goblins
  12 hobgoblins
  4 jackals (D:7)
  29 kobolds
  8 quokkas
  2 ball pythons (D:3)
  A ball python zombie (D:2)
  8 bats
  7 frilled lizards
  A jackal skeleton (D:4)
  2 leopard gecko skeletons (D:2)
  A quokka zombie (D:2)
  7 rats
1432 creatures vanquished.

Vanquished Creatures (others)
  A deep elf mage (Elf:2)
  An orb spider (Spider:2)
  A meliai simulacrum (D:15)
  A centaur (D:10)
  An orc (Orc:2)
  9 kobolds
  A bush (Lair:5)
  10 fungi (Lair:6)
  23 plants
48 creatures vanquished.

Grand Total: 1480 creatures vanquished

Notes
Turn   | Place    | Note
-------+----------+-------------------------------------------
     0 | D:1      | Moloch the Merfolk Fighter began the quest for the Orb.
     0 | D:1      | Reached XP level 1. HP: 18/18 MP: 1/1
   301 | D:1      | Reached XP level 2. HP: 22/24 MP: 2/2
   714 | D:1      | Reached skill level 4 in Polearms
   919 | D:2      | Reached XP level 3. HP: 17/30 MP: 3/3
  1348 | D:1      | Reached skill level 5 in Polearms
  1659 | D:1      | Reached XP level 4. HP: 35/37 MP: 4/4
  1945 | D:2      | Reached skill level 6 in Polearms
  1996 | D:2      | Found a white marble altar of Elyvilon.
  1998 | D:2      | Found a deep blue altar of Sif Muna.
  2049 | D:2      | Noticed Sigmund
  2059 | D:2      | Gained mutation: You have a pair of small horns on your head. [potion of mutation]
  2059 | D:2      | Gained mutation: You do not regenerate when monsters are visible. [potion of mutation]
  2059 | D:2      | Gained mutation: You evolve. [potion of mutation]
  2059 | D:2      | Gained mutation: Your muscles are strong. (Str +2) [potion of mutation]
  2070 | D:2      | Killed Sigmund
  2070 | D:2      | Reached skill level 8 in Polearms
  2070 | D:2      | Reached XP level 5. HP: 12/43 MP: 5/5
  2070 | D:2      | Reached XP level 6. HP: 14/49 MP: 6/6
  2742 | D:3      | Reached skill level 9 in Polearms
  3187 | D:3      | Noticed Terence
  3198 | D:3      | Killed Terence
  3417 | D:4      | Noticed Robin
  3429 | D:4      | Reached XP level 7. HP: 46/55 MP: 7/7
  3441 | D:4      | Killed Robin
  3578 | D:4      | Noticed Eustachio
  3633 | D:3      | Killed Eustachio
  3633 | D:3      | Reached skill level 10 in Polearms
  4233 | D:4      | Reached skill level 11 in Polearms
  4525 | D:4      | Found a snail-covered altar of Cheibriados.
  4535 | D:4      | Found a glowing golden altar of the Shining One.
  4602 | D:5      | Entered Level 5 of the Dungeon
  4907 | D:4      | Reached XP level 8. HP: 55/61 MP: 8/8
  5223 | D:4      | Reached skill level 5 in Fighting
  5322 | D:4      | Reached skill level 12 in Polearms
  5501 | D:5      | Gained mutation: You have a pair of horns on your head. [evolution]
  5761 | D:6      | Reached skill level 13 in Polearms
  5824 | D:6      | Got an ichor-stained rapier
  5854 | D:6      | Identified the +2 rapier of Ash {venom, +Rage} (You found it on level 6 of the Dungeon)
  5895 | D:6      | Found Caikion's Food Boutique.
  6125 | D:6      | Reached skill level 14 in Polearms
  6125 | D:6      | Reached XP level 9. HP: 69/69 MP: 9/9
  6169 | D:6      | Found Zosk's Food Boutique.
  6327 | D:6      | Found a stormy altar of Qazlal.
  6488 | D:7      | Found a flagged portal.
  6500 | D:7      | Reached skill level 15 in Polearms
  6556 | Bailey   | Entered a bailey
  6741 | Bailey   | Noticed an orc knight
  6814 | Bailey   | Killed an orc knight
  6814 | Bailey   | Reached skill level 16 in Polearms
  7026 | D:7      | Reached XP level 10. HP: 79/79 MP: 10/10
  7080 | D:7      | Found a staircase to the Ecumenical Temple.
  7089 | Temple   | Entered the Ecumenical Temple
  7306 | Temple   | Became a worshipper of Warmaster Okawaru
  7669 | D:7      | Reached skill level 17 in Polearms
  8031 | D:8      | Reached * piety under Okawaru
  8031 | D:8      | Reached skill level 1 in Dodging
  8048 | D:8      | Found Zamusioj's Gadget Shop.
  8182 | D:8      | Noticed an elephant
  8231 | D:8      | Killed an elephant
  8355 | D:8      | Found a staircase to the Lair.
  8373 | D:8      | Noticed TabOTab's ghost (novice DsFi)
  8441 | D:8      | Killed TabOTab's ghost
  8441 | D:8      | Reached ** piety under Okawaru
  8681 | D:8      | Noticed a cyclops
  8702 | D:8      | Killed a cyclops
  8702 | D:8      | Reached skill level 18 in Polearms
  8785 | D:8      | Reached *** piety under Okawaru
  8785 | D:8      | Reached XP level 11. HP: 87/87 MP: 11/11
  8828 | D:8      | Noticed a two-headed ogre
  8855 | D:8      | Noticed a two-headed ogre
  9287 | D:9      | Noticed a two-headed ogre
  9310 | D:9      | Killed a two-headed ogre
  9310 | D:9      | Reached **** piety under Okawaru
  9381 | D:8      | Killed a two-headed ogre
  9381 | D:8      | Reached skill level 5 in Dodging
  9407 | D:8      | Killed a two-headed ogre
  9689 | D:8      | Noticed a two-headed ogre
  9698 | D:8      | Killed a two-headed ogre
  9698 | D:8      | Reached ***** piety under Okawaru
  9698 | D:8      | Reached skill level 5 in Armour
  9821 | D:8      | Found a shattered altar of Ashenzari.
  9822 | D:8      | Found an ornate altar of the Wu Jian Council.
  9838 | Lair:1   | Entered Level 1 of the Lair of Beasts
 10061 | D:9      | Found a blossoming altar of Fedhas.
 10366 | D:9      | Noticed a two-headed ogre
 10421 | D:9      | Killed a two-headed ogre
 10421 | D:9      | Reached skill level 19 in Polearms
 10576 | D:9      | Gained mutation: You are resistant to hostile enchantments. (MR+) [evolution]
 10576 | D:9      | Lost mutation: You evolve. [end of evolution]
 11013 | D:10     | Entered Level 10 of the Dungeon
 11023 | D:10     | Received a gift from Okawaru
 11063 | D:10     | Noticed a deep elf mage
 11065 | D:10     | Noticed Nergalle
 11109 | D:10     | Killed a deep elf mage
 11109 | D:10     | Reached XP level 12. HP: 96/96 MP: 12/12
 11203 | D:10     | Killed Nergalle
 11304 | D:10     | Received a gift from Okawaru
 11450 | D:10     | Noticed TabOTab's ghost (novice DsGl)
 11480 | D:9      | Reached skill level 10 in Fighting
 11518 | D:10     | Killed TabOTab's ghost
 11830 | D:10     | Reached ****** piety under Okawaru
 11934 | D:11     | Noticed Josephine
 12028 | D:10     | Killed Josephine
 12569 | D:11     | Noticed Fannar
 12596 | D:11     | Killed Fannar
 12825 | D:11     | Found a runed door.
 12825 | D:11     | Noticed a stone giant
 12825 | D:11     | Noticed a deep troll earth mage
 12825 | D:11     | Noticed a storm dragon
 12827 | D:11     | Noticed a yaktaur captain
 12827 | D:11     | Noticed a yaktaur captain
 12827 | D:11     | Noticed a deep elf annihilator
 12827 | D:11     | Noticed a deep troll earth mage
 12827 | D:11     | Noticed a vampire knight
 12918 | D:11     | Lost mutation: You have a pair of horns on your head. [mutagenic meat]
 13285 | D:12     | Noticed a six-headed hydra
 13288 | D:12     | Noticed a death knight
 13307 | D:11     | Killed a six-headed hydra
 13307 | D:11     | Received a gift from Okawaru
 13342 | D:11     | Noticed a two-headed ogre
 13349 | D:11     | Killed a two-headed ogre
 13389 | D:11     | Gained mutation: Scrolls take you a little longer to read. [mutagenic meat]
 13391 | D:11     | Gained mutation: Your muscles are very strong. (Str +4) [mutagenic meat]
 13392 | D:11     | Lost mutation: You have a pair of small horns on your head. [mutagenic meat]
 13393 | D:11     | Gained mutation: You are partially covered in thin metallic scales. (AC +2) [mutagenic meat]
 13476 | D:12     | Noticed a five-headed hydra
 13497 | D:12     | Killed a five-headed hydra
 13497 | D:12     | Reached skill level 20 in Polearms
 13497 | D:12     | Reached XP level 13. HP: 79/106 MP: 13/13
 13710 | D:12     | You fall through a shaft!
 13720 | D:12     | Found Languusm's Food Boutique.
 14346 | D:12     | Found a staircase to the Orcish Mines.
 14355 | Orc:1    | Entered Level 1 of the Orcish Mines
 14452 | Orc:2    | Entered Level 2 of the Orcish Mines
 15217 | Orc:1    | Paralysed by an orc sorcerer for 4 turns
 15649 | Lair:1   | Received a gift from Okawaru
 16575 | Lair:2   | Noticed Urug
 16602 | Lair:2   | Killed Urug
 16628 | Lair:2   | Found a labyrinth entrance.
 16628 | Lair:2   | You fall through a shaft for 2 floors!
 16691 | Lab      | Entered a labyrinth
 17076 | Lab      | Noticed a minotaur
 17100 | Lab      | Killed a minotaur
 17102 | Lab      | Got a translucent flail {flame}
 17102 | Lab      | Got a jewelled ring mail
 17113 | Lab      | Identified the cursed +1 ring mail of the Crown {rC+ rN+ Stlth+} (You took it off a minotaur in a labyrinth)
 17130 | Lab      | Got a warped lead ring
 17138 | Lab      | Learned a level 6 spell: Darkness
 17139 | Lab      | Identified the ring "Fedoc" {rPois rN+ Str+4 Stlth+} (You found it in a labyrinth)
 17296 | Lair:2   | Found a staircase to the Swamp.
 18095 | Lair:3   | Reached XP level 14. HP: 116/116 MP: 14/14
 18517 | Lair:3   | Reached skill level 21 in Polearms
 18637 | Lair:4   | Received a gift from Okawaru
 18658 | Lair:4   | Got a scorched buckler {god gift}
 18669 | Lair:4   | Identified the +4 buckler of Contentment {*Contam *Slow Str+4 Dex+4} (Okawaru gifted it to you on level 4 of the Lair of Beasts)
 18690 | Lair:4   | Gained mutation: Your magical capacity is low. (-10% MP) [mutagenic glow]
 18786 | Lair:4   | Found a hole to the Spider Nest.
 19540 | Lair:5   | Identified the +10 flail "Jellybane" {flame, rElec Dex+7} (You took it off a minotaur in a labyrinth)
 20350 | Lair:6   | Entered Level 6 of the Lair of Beasts
 20459 | Lair:6   | Found a staircase to the Slime Pits.
 20562 | Lair:6   | Noticed Snorg
 20602 | Lair:5   | Killed Snorg
 21093 | Lair:6   | Reached skill level 10 in Armour
 21552 | Lair:6   | Received a gift from Okawaru
 21956 | Lair:6   | Reached XP level 15. HP: 111/125 MP: 13/13
 22337 | Lair:6   | Reached skill level 22 in Polearms
 22577 | Lair:6   | Reached skill level 10 in Dodging
 23322 | Orc:2    | Paralysed by an orc sorcerer for 2 turns
 23332 | Orc:2    | Received a gift from Okawaru
 23479 | Orc:2    | Found Gilughoxt's Weapon Shop.
 23479 | Orc:2    | Found Luig Zomp's Distillery.
 23523 | Orc:2    | Bought a potion of heal wounds for 65 gold pieces
 23572 | Orc:2    | Found a roughly hewn altar of Beogh.
 23577 | Orc:2    | Found a staircase to the Elven Halls.
 23642 | Orc:2    | Found Gozyif's Antique Weapon Emporium.
 23642 | Orc:2    | Found Emaga's Antique Armour Shop.
 23656 | Orc:2    | Bought a pair of runed boots for 247 gold pieces
 23699 | Orc:2    | Bought a glowing glaive for 218 gold pieces
 24244 | Orc:2    | Noticed an orc warlord
 24294 | Orc:2    | Paralysed by an orc sorcerer for 4 turns
 24325 | Orc:2    | Killed an orc warlord
 25003 | D:13     | Noticed Maurice
 25012 | D:13     | Killed Maurice
 25115 | D:13     | Received a gift from Okawaru
 25150 | D:13     | Noticed Sonja
 25183 | D:13     | Killed Sonja
 25314 | D:13     | Found a gate to the Vaults.
 25433 | D:13     | Gained mutation: You are agile. (Dex +2) [mutagenic meat]
 25434 | D:13     | Gained mutation: Armour fits poorly on your strangely shaped body. [mutagenic meat]
 25435 | D:13     | Lost mutation: Scrolls take you a little longer to read. [mutagenic meat]
 25437 | D:13     | Lost mutation: Your magical capacity is low. (-10% MP) [potion of mutation]
 25437 | D:13     | Lost mutation: Armour fits poorly on your strangely shaped body. [potion of mutation]
 25437 | D:13     | Lost mutation: Your muscles are very strong. (Str +4) [potion of mutation]
 25437 | D:13     | Lost mutation: Your muscles are strong. (Str +2) [potion of mutation]
 25437 | D:13     | Gained mutation: Scrolls take you a little longer to read. [potion of mutation]
 25437 | D:13     | Gained mutation: You are somewhat resistant to further mutation. [potion of mutation]
 25620 | D:14     | Noticed Agnes
 25659 | D:14     | Killed Agnes
 25659 | D:14     | Reached skill level 23 in Polearms
 25663 | D:14     | Noticed Frances
 25712 | D:15     | Entered Level 15 of the Dungeon
 25898 | D:15     | Reached XP level 16. HP: 127/134 MP: 16/16
 26049 | D:14     | Reached skill level 15 in Fighting
 26126 | D:14     | Killed Frances
 26776 | D:11     | Killed a storm dragon
 26813 | D:11     | Received a gift from Okawaru
 28185 | D:15     | Reached skill level 24 in Polearms
 28433 | D:15     | Found a staircase to the Depths.
 28656 | D:15     | Received a gift from Okawaru
 28659 | D:15     | Got a pair of slimy gloves {god gift}
 28670 | D:15     | Identified the +0 pair of gloves "Vyjiott" {+Fly rElec rF- Stlth+} (Okawaru gifted it to you on level 15 of the Dungeon)
 28681 | D:15     | Noticed Roxanne
 28703 | D:15     | Killed Roxanne
 28705 | D:15     | Identified Roxanne's Collected Works on Changing (You took it off Roxanne on level 15 of the Dungeon)
 28718 | D:15     | Learned a level 9 spell: Tornado
 29150 | Elf:1    | Entered Level 1 of the Elven Halls
 29539 | Elf:1    | Reached XP level 17. HP: 143/143 MP: 17/17
 30131 | Elf:1    | Identified the Tome of Stolen Souls
 30252 | Elf:2    | Received a gift from Okawaru
 30255 | Elf:2    | Got a slimy glaive {god gift}
 30258 | Elf:2    | Identified the +6 glaive "Xarehuet" {chop, +Fly Str+2 Int-2} (Okawaru gifted it to you on level 2 of the Elven Halls)
 30262 | Elf:2    | Found Foacepeo's Antique Weapon Shop.
 30420 | Elf:2    | Reached skill level 25 in Polearms
 30476 | Elf:2    | Noticed Louise
 30795 | Elf:2    | Killed Louise
 30857 | Elf:2    | Found a runed door.
 30879 | Elf:2    | Found a runed door.
 31164 | Elf:2    | Received a gift from Okawaru
 32037 | Elf:3    | Entered Level 3 of the Elven Halls
 32062 | Elf:3    | Cast into level 3 of the Abyss (trident of distortion)
 32207 | Elf:3    | Escaped the Abyss
 32220 | Elf:3    | Found Zaareoto's Gadget Shop.
 32220 | Elf:3    | Found Xobaemum's Jewellery Shoppe.
 32221 | Elf:3    | Found Oxisebog's Gadget Shop.
 32270 | Elf:3    | Received a gift from Okawaru
 32439 | Elf:3    | Reached XP level 18. HP: 119/151 MP: 18/18
 32820 | Elf:3    | Noticed a Tzitzimitl
 32824 | Elf:3    | Noticed a Hell Sentinel
 32856 | Elf:3    | HP: 7/151 [mace of crushing (9)]
 32857 | Elf:3    | HP: 3/151 [mace of crushing (1)]
 33246 | Elf:3    | Reached skill level 15 in Dodging
 33792 | Elf:3    | Noticed a deep elf master archer
 33843 | Elf:3    | Killed a deep elf master archer
 33971 | Elf:3    | Noticed a deep elf master archer
 34264 | Elf:3    | Noticed a deep elf blademaster
 34272 | Elf:3    | Killed a deep elf blademaster
 34717 | Elf:2    | Upgraded the game from 0.21-a0-157-gb89e0e2 to 0.21-a0-163-g3aa3f5d
 34755 | Elf:2    | Received a gift from Okawaru
 35988 | Elf:3    | Got a distressingly furry plate armour
 36004 | Elf:3    | Identified the +4 plate armour "Hokeu" {Regen+ SInv} (You took it off a deep elf high priest on level 3 of the Elven Halls)
 36049 | Elf:3    | Killed a deep elf master archer
 36200 | Elf:3    | Cast into level 3 of the Abyss (a deep elf sorcerer)
 36224 | Abyss:3  | Received a gift from Okawaru
 36246 | Elf:3    | Escaped the Abyss
 36251 | Elf:3    | Reached XP level 19. HP: 143/157 MP: 19/19
 36436 | Elf:3    | Identified Asmodeus's Almanac of Companions
 36528 | Elf:3    | Noticed a Tzitzimitl
 36601 | Elf:3    | Identified the Guide on Floating Contamination
 36612 | Elf:3    | Identified the cursed +0 ice dragon scales of Itzoeprano {rF- rC++ Dex+4} (You found it on level 3 of the Elven Halls)
 37293 | Swamp:1  | Entered Level 1 of the Swamp
 37729 | Swamp:1  | You fall through a shaft!
 37751 | Swamp:2  | Reached skill level 26 in Polearms
 38112 | Swamp:2  | Received a gift from Okawaru
 38877 | Swamp:3  | Reached skill level 1 in Spellcasting
 39001 | Swamp:4  | Entered Level 4 of the Swamp
 39385 | Swamp:4  | Noticed the 27-headed Lernaean hydra
 39960 | Swamp:4  | Killed the 23-headed Lernaean hydra
 40131 | Swamp:4  | Got a decaying rune of Zot
 40398 | Spider:1 | Entered Level 1 of the Spider Nest
 40488 | Spider:1 | Gained mutation: You tend to lose your temper in combat. [mutagenic meat]
 40666 | Spider:1 | Reached XP level 20. HP: 147/165 MP: 0/24
 40672 | Spider:1 | Lost mutation: You are somewhat resistant to further mutation. [mutagenic meat]
 40673 | Spider:1 | Gained mutation: You are weak. (Str -2) [mutagenic meat]
 40674 | Spider:1 | Gained mutation: You have a pair of small horns on your head. [mutagenic meat]
 40723 | Spider:1 | Received a gift from Okawaru
 41047 | Spider:1 | Noticed Nikola
 41335 | Spider:1 | Killed Nikola
 41335 | Spider:1 | Reached skill level 15 in Armour
 41478 | Spider:1 | Received a gift from Okawaru
 42705 | Spider:2 | Paralysed by a hornet for 1 turns
 43915 | Spider:3 | Learned a level 1 spell: Apportation
 43925 | Spider:3 | Learned a level 9 spell: Dragon's Call
 44139 | Spider:4 | Entered Level 4 of the Spider Nest
 44394 | Spider:3 | Received a gift from Okawaru
 45381 | Spider:4 | Blown up by an orb spider

Vault maps used:
D:1:      co_arrival_random_square_maze, minmay_cupped
D:2:      chequers_temple_overflow_statue_of_worship, serial_undead,
          serial_undead_c, serial_undead_f, serial_undead_c, serial_undead_e,
          serial_undead_d, serial_undead_a, st_stairs_4, uniq_sigmund
D:3:      minmay_roachtagon, minmay_misc_feat_tower, uniq_terence
D:4:      minitemple, first_bread, uniq_robin, uniq_eustachio
D:6:      grunt_qazlal_clouds, serial_shops, shop, nicolae_shop_waterfront
D:7:      minmay_temple_entry_statues_pillars, enter_bailey_2
D:8:      gammafunk_temple_overflow_wave, david_lair_generic, serial_shops,
          shop, st_stairs_13, the_bakery, minmay_sticks_and_stones
D:9:      fedhas_altar_2
D:10:     uniq_nergalle
D:11:     minmay_gate_of_8, minmay_misc_feat_four_crosses, uniq_josephine,
          uniq_fannar
D:12:     david_orc_4, serial_shops, shop
D:13:     grunt_vaults_entry_tiered, interstate_on_off, uniq_sonja, uniq_maurice
D:14:     columned_hall_lemuel, uniq_agnes, uniq_frances
D:15:     grunt_enter_depths_magical_seal, grunt_decor_arrowhead,
          serial_bayou_pond_b, minmay_crystal_water, uniq_roxanne
Temple:   regret_index_temple_generic_petals
Lair:1:   cheibrodos_lair_river_kwai
Lair:2:   swamp_mist_pool, lab_entry_generic, grunt_megastairs_5, uniq_urug
Lair:4:   nicolae_spider_entry_non_spiders, infiniplex_staircase_pool_2
Lair:5:   grunt_forest_stairs_basic, lemuel_fruit_fields
Lair:6:   grunt_lair_end_beastmaster, slime_dummy, minmay_lindwurm_lava,
          grunt_megastairs_4, uniq_snorg
Swamp:1:  evilmike_swamp_ruin_house_4, infiniplex_staircase_pool
Swamp:2:  evilmike_swamp_ruin_house_6, swamp_pool4
Swamp:3:  evilmike_swamp_ruin_house_1
Swamp:4:  swamp_old_school, swamp_pool5
Spider:1: uniq_nikola
Spider:2: nicolae_spider_corner
Spider:4: spider_rune_water, special_room
Orc:2:    st_orc_town
Elf:1:    eino_elf_arrival_customs, minmay_elf_necromancy,
          nicolae_elf_big_sculpture_1
Elf:2:    serial_shops, shop_statue, minivault_5, uniq_louise
Elf:3:    minmay_elf_hall_dome, minmay_elf_sorcery, minmay_shop_grove,
          grunt_megastairs_2, basic_stair_grate_trap
Abyss:3:  dshaligram_kb_abyss_rune_zappy_water_cross,
          serial_sigils_hangedman_snap, lemuel_flamethrower_3
Lab:      labyrinth_watery
Bailey:   bailey_axe_1, bailey

Skill      XL: |  1  2  3  4  5  6  7  8  9 10 11 12 13 14 15 16 17 18 19 20 |
---------------+-------------------------------------------------------------+-----
Polearms       | 4 5 8 9 11 14 16 18 19 20 21 23 24 25 26 | 26.4
Fighting       | 4 5 7 8 9 11 12 13 14 15 16 18 | 18.2
Dodging        | 3 6 7 8 9 10 12 14 16 17 | 17.4
Armour         | 3 5 7 9 10 11 13 14 15 | 15.4
Spellcasting   | 3 |  3.1
Invocations    | 4 |  4.8
Shields        | |  3.0

Action                   |  1- 3 |  4- 6 |  7- 9 | 10-12 | 13-15 | 16-18 | 19-21 || total
-------------------------+-------+-------+-------+-------+-------+-------+-------++-------
Melee: Trident           |   156 |   181 |    66 |       |       |       |       ||   403
       Headbutt          |       |    27 |    44 |   198 |       |       |   150 ||   419
       Spear             |       |       |   328 |   932 |  2176 |       |       ||  3436
       Tailslap          |       |       |       |       |    12 |     1 |    37 ||    50
       Glaive            |       |       |       |       |   382 |   944 |       ||  1326
       Bardiche          |       |       |       |       |       |   355 |  1142 ||  1497
       Broad axe         |       |       |       |       |       |       |   110 ||   110
Invok: Heroism           |       |       |       |     8 |    16 |    25 |     6 ||    55
       Finesse           |       |       |       |     1 |     2 |     4 |     1 ||     8
Evoke: Wand              |       |       |       |     2 |       |       |       ||     2
  Use: Potion            |       |     3 |     2 |     2 |     2 |     4 |     5 ||    18
       Scroll            |       |     3 |     3 |     6 |    21 |    23 |     6 ||    62
 Stab: Distracted        |       |       |       |       |       |     1 |     1 ||     2
       Fleeing           |       |       |       |       |       |     1 |       ||     1
       Invisible         |       |       |       |       |       |       |     2 ||     2
       Held in net/web   |       |       |       |       |       |       |     1 ||     1
  Eat: Chunk             |     3 |     5 |    11 |    27 |    44 |    31 |    39 ||   160
       Fruit             |       |       |     1 |       |     2 |     7 |       ||    10
       Royal jelly       |       |       |       |       |       |       |     4 ||     4
Armor: Scale mail        |    78 |    41 |    20 |       |       |       |       ||   139
       Chain mail        |       |       |    38 |   206 |   666 |   396 |       ||  1306
       Skin              |       |       |     1 |    25 |       |       |       ||    26
       Plate armour      |       |       |       |       |       |    17 |   805 ||   822
Dodge: Dodged            |    33 |    33 |    42 |   116 |   712 |   539 |  1161 ||  2636
       Deflected         |     4 |     1 |    13 |     7 |     2 |       |       ||    27
Block: Shield            |    78 |    62 |   109 |   299 |   651 |       |       ||  1199
       Reflection        |       |       |    51 |    20 |     5 |       |       ||    76
       Buckler           |       |       |       |       |       |       |    12 ||    12
